 Dungeon Crawl Stone Soup version 0.25-a0-661-g55ea3d2053 (webtiles) character file.

Game seed: 11603481378770277141, levelgen mode: deterministic

103 kae the Insei (level 4, -2/32 HPs)
             Began as a Merfolk Transmuter on Mar 23, 2020.
             Slain by an orc
             ... wielding a +0 trident
              (11 damage)
             ... on level 3 of the Dungeon.
             The game lasted 00:02:20 (2630 turns).

kae the Insei (Merfolk Transmuter)                  Turns: 2630, Time: 00:02:20

Health: -2/32      AC:  2    Str: 10    XL:     4   Next: 79%
Magic:  15/17      EV: 21    Int: 13    God:
Gold:   66         SH:  0    Dex: 19    Spells: 2/8 levels left

rFire    . . .     SeeInvis +     - Unarmed
rCold    . . .     Gourm    .   (shield currently unavailable)
rNeg     . . .     Faith    .   (armour currently unavailable)
rPois    x         Spirit   .   (helmet currently unavailable)
rElec    .         Reflect  .   (cloak currently unavailable)
rCorr    .         Harm     .   (gloves currently unavailable)
MR       .....                  (boots currently unavailable)
Stlth    ++........             (no amulet)
HPRegen  0.10/turn              f - ring of see invisible
MPRegen  0.15/turn              l - ring of magical power

@: spider-form (expiring)
A: tiny, (change form in water), (swift swim), (stealthy swim)
a: End Transformation


You were on level 3 of the Dungeon.
You were hungry.
You were a venomous arachnid creature.
You visited 1 branch of the dungeon, and saw 3 of its levels.

You collected 66 gold pieces.

Inventory:

Hand Weapons
 b - a +0 dagger of venom (melded)
Missiles
 a - 78 arrows
Armour
 c - a +2 robe of fire resistance (melded)
Jewellery
 f - a ring of see invisible (left front leg)
 l - a ring of magical power (right front leg)
Scrolls
 e - a scroll of identify {unknown}
 g - a scroll of teleportation {unknown}
 i - a scroll of enchant armour {unknown}
 m - 3 scrolls of fog {unknown}
 o - a scroll of enchant weapon {unknown}
Potions
 h - a potion of haste {unknown}
 k - 2 potions of stabbing {unknown}
 n - a potion of curing
Comestibles
 d - 5 rations


   Skills:
 - Level 1.1 Fighting
 - Level 2.6 Dodging
 * Level 4.7 Unarmed Combat
 + Level 2.7 Spellcasting
 + Level 4.0 Transmutations


You had 2 spell levels left.
You knew the following spells:

 Your Spells              Type           Power        Failure   Level  Hunger
a - Beastly Appendage     Tmut           ##....       14%         1    #......
b - Sticks to Snakes      Tmut           ##......     19%         2    ###....
c - Spider Form           Tmut/Pois      #.........   52%         3    ###....

Your spell library contained the following spells:

 Spells                   Type           Power        Failure   Level  Hunger
 Ice Form                 Ice/Tmut       #.......     87%         4    #####..
 Blade Hands              Tmut           ##........   90%         5    ######.


Dungeon Overview and Level Annotations

Branches:
Dungeon (3/15)

Altars:
Xom


Message History

There is a stone staircase leading up here.
Unknown command.
You hit the orc priest.
The orc priest is poisoned.
The orc priest is lightly wounded.
The orc priest hits you with a +3 flail!
You hit the orc priest.
The orc priest looks even sicker.
The orc priest is heavily wounded.
The orc barely misses you.
The orc priest hits you with a +3 flail!
You hit the orc priest but do no damage.
The orc priest looks as sick as possible!
The orc priest is heavily wounded.
The orc barely misses you.
You barely miss the orc priest.
The orc priest is heavily wounded.
Your transformation is almost over.
The orc priest hits you with a +3 flail!
* * * LOW HITPOINT WARNING * * *
The orc hits you from afar with a +0 trident!
You die...

#########
####.......?
#.os........
#.##<#....(
#. #o# ###
.. >.# ..
$### °. .. .
.o ... ##.


You could see an orc priest and an orc.

Vanquished Creatures
  A hound (D:2)
  3 adders (D:2)
  An ooze (D:2)
  A leopard gecko (D:1)
  An orc (D:2)
  2 giant cockroaches (D:2)
  6 goblins
  3 hobgoblins
  7 jackals
  A kobold (D:1)
  3 quokkas (D:2)
  4 bats
  2 frilled lizards (D:2)
  6 rats
41 creatures vanquished.

Notes
Turn   | Place    | Note
-------+----------+-------------------------------------------
     0 | D:1      | kae the Merfolk Transmuter began the quest for the Orb.
     0 | D:1      | Reached XP level 1. HP: 15/15 MP: 3/3
   226 | D:1      | Reached XP level 2. HP: 11/21 MP: 5/5
   879 | D:2      | Reached XP level 3. HP: 16/26 MP: 4/6
  1023 | D:2      | Noticed a crocodile
  1029 | D:2      | Reached XP level 4. HP: 20/32 MP: 7/7
  2082 | D:2      | Found a shimmering altar of Xom.
  2618 | D:2      | Learned a level 2 spell: Sticks to Snakes
  2622 | D:2      | Learned a level 3 spell: Spider Form
  2630 | D:3      | Slain by an orc

Levels and vault maps discovered:
D:1:      dpeg_arrival_rhombi, layout_basic
D:2:      layout_basic, marbit_many_paths, first_ration
D:3:      layout_loops_ring, overflow_temple_1_default, fiery_altar_vehumet

Skill      XL: |  1  2  3  4 |
---------------+-------------+-----
Transmutations | 3 4 |  4.0
Unarmed Combat | 4 |  4.7
Fighting       | |  1.1
Dodging        | |  2.6
Spellcasting   | |  2.7

Action                   |  1- 3 |  4- 6 || total
-------------------------+-------+-------++-------
Melee: Unarmed           |    14 |     4 ||    18
       Headbutt          |     3 |     6 ||     9
       Dagger            |    63 |    80 ||   143
 Cast: Beastly Appendage |     6 |    10 ||    16
       Spider Form       |       |     1 ||     1
  Use: Potion            |     1 |       ||     1
  Eat: Chunk             |       |     5 ||     5
Armor: Robe              |    29 |    27 ||    56
Dodge: Dodged            |    81 |    69 ||   150

Table legend:
 A = Non-vault XP
 B = Vault XP
 C = Vault XP percentage of total XP
 D = Non-vault monster count
 E = Vault monster count
 F = Vault count percentage of total count
                 A         B        C        D         E       F
            +---------+---------+-------+---------+---------+-------
      Total |     147 |       1 |   0.7 |      40 |       1 |   2.4
            +---------+---------+-------+---------+---------+-------
        D:1 |      27 |       0 |   0.0 |      15 |       0 |   0.0
        D:2 |     120 |       1 |   0.8 |      25 |       1 |   3.8
            +---------+---------+-------+---------+---------+-------
